Get step-by-step instructions on how to execute this build order below. Start the game timer, and the build order will tick by so you can play in parallel with StarCraft on a second screen or mobile device.

Game Time

  0:00

Last Step

  N/A

Next Step

Upcoming Step



Don't want to look back and forth between 2 screens? Try out our Overwolf App, the Spawning Tool Build Advisor to get an in-game overlay with this build!

Complete Build Order

  12  0:03  SCV  
  13  0:16  SCV  
  14  0:25  Supply Depot  
  14  0:28  SCV  
  15  0:46  SCV  
  15  0:48  Barracks  
  16  1:15  Command Center  
  16  1:24  SCV  
  17  1:42  Supply Depot  
  17  2:04  Bunker  
  17  2:11  Bunker  
  17  2:18  Orbital Command  
  17  2:28  SCV  
  18  2:40  SCV  
  19  2:44  Refinery  
  19  2:47  Refinery  
  19  3:20  SCV  
  20  3:32  Barracks  
  20  3:33  SCV  
  21  3:45  SCV  
  21  3:46  Barracks Tech Lab  
  22  3:57  SCV  
  23  4:09  Orbital Command  
  23  4:14  Reaper  
  24  4:22  Barracks Reactor  
  24  4:34  Supply Depot  
  24  4:42  Engineering Bay  
  24  4:46  Marine  
  25  4:56  Factory  
  25  4:59  Marine x2  
  26  5:03  Marine  
  26  5:05  SCV  
  29  5:07  SCV  
  30  5:17  Marine x2  
  30  5:19  SCV  
  33  5:21  Marine  
  33  5:26  Barracks  
  34  5:31  SCV  
  34  5:35  Marine x2  
  36  5:39  Marine  
  38  5:53  Marine x2  
  28  5:57  Marine  
  24  6:10  Marine  
  24  6:11  Marine  
  22  6:20  SCV  
  22  6:23  SCV  
  24  6:32  SCV  
  25  6:35  SCV  
  26  6:44  SCV  
  26  6:45  Marine  
  26  6:46  Marine x2  
  30  6:47  SCV  
  31  6:56  SCV  
  31  7:00  SCV  
  28  7:03  Marine  
  28  7:04  Marine x2  
  31  7:09  SCV, Hellion  
  31  7:12  SCV  
  35  7:21  SCV, Marine  
  35  7:22  Marine x2  
  39  7:31  Hellion  
  39  7:34  SCV  
  42  7:38  Marine  
  42  7:40  Marine x2  
  45  7:56  Marine  
  45  7:57  Marine